 Dungeon Crawl Stone Soup version 0.26-a0-542-gbaa144ba5c (webtiles) character file.

Game seed: 5465194802347047651

(classic levelgen) 3795 EnegeticOcto the Cleaver (level 9, -11/76 HPs)
             Began as a Deep Dwarf Fighter on Aug 18, 2020.
             Was an Elder of Okawaru.
             Mangled by Donald
             ... wielding a +0 broad axe of venom
              (37 damage)
             ... on level 2 of the Orcish Mines.
             The game lasted 00:08:35 (1309 turns).

EnegeticOcto the Cleaver (Deep Dwarf Fighter)       Turns: 1309, Time: 00:08:35

Health: -11/76     AC: 14    Str: 23    XL:     9   Next: 96%
Magic:  7/7        EV:  3    Int:  9    God:    Okawaru [****..]
Gold:   165        SH: 17    Dex: 12    Spells: 8/8 levels left

rFire    . . .     SeeInvis .   u - +1 war axe (flame)
rCold    + . .     Faith    .   w - +2 tower shield
rNeg     . . .     Spirit   .   v - +2 chain mail {rC+}
rPois    .         Reflect  .   (no helmet)
rElec    .         Harm     .   (no cloak)
rCorr    .                      n - +2 pair of gloves
MR       +....                  (no boots)
Stlth    ..........             (no amulet)
HPRegen  0.00/turn              (no ring)
MPRegen  0.10/turn              r - ring of flight

@: mighty, lethally poisoned (-11 -> -11), non-regenerating
A: damage resistance, heal wounds, sense surroundings 2, no regeneration
a: Heal Wounds, Heroism, Renounce Religion, Evoke Flight


You were on level 2 of the Orcish Mines.
You worshipped Okawaru.
Okawaru was greatly pleased with you.
You visited 2 branches of the dungeon, and saw 11 of its levels.

You collected 277 gold pieces.
You spent 112 gold pieces at shops.

Inventory:

Hand Weapons
 a - a +1 war axe
 j - the +5 hunting sling of Valiance {vorpal, Str-3 Int+6 SInv Stlth+}
   (You found it on level 4 of the Dungeon)

   Any stone fired from it inflicts extra damage.
   It affects your strength (-3).
   It affects your intelligence (+6).
   It lets you see invisible.
   It makes you more stealthy.
 u - a +1 war axe of flaming (weapon)
Missiles
 s - 5 boomerangs (quivered)
Armour
 b - a +0 scale mail
 c - a +0 kite shield
 n - a +2 pair of gloves (worn)
 o - a +0 chain mail
 t - a +0 plate armour
 v - a +2 chain mail of cold resistance (worn)
 w - a +2 tower shield (worn)
Jewellery
 m - the ring of the Aged Realms {+Blink rPois MR- Dex+2 SInv}
   (You found it on level 6 of the Dungeon)

   [ring of see invisible]

   It affects your dexterity (+2).
   It protects you from poison.
   It affects your resistance to hostile enchantments.
   It lets you see invisible.
   It lets you blink.
 q - an uncursed ring of wizardry
 r - a ring of flight (right hand)
Scrolls
 e - a scroll of identify {@r1}
 k - 2 scrolls of enchant weapon
 l - a scroll of enchant armour
 p - a scroll of remove curse {@r2}
Potions
 f - a potion of haste {@q4 !q}
 g - 2 potions of magic
 h - a potion of heal wounds {@q2 !q}
 i - 2 potions of curing {@q1 !q}


   Skills:
 + Level 3.5 Fighting
 * Level 13.6 Axes
 - Level 3.2 Armour
 + Level 4.2 Shields
 + Level 6.8 Invocations


You had 8 spell levels left.
You didn't know any spells.
Your spell library was empty.

Dungeon Overview and Level Annotations

Branches:
Dungeon (9/15)                Orc (2/2) D:9
 Temple: D:4-7         Lair: D:8-11         Elf: Orc:2

Altars:
Cheibriados
Okawaru
Trog
Wu Jian
The Shining One

Shops:
D:9 *   Orc:2 *

Annotations:
Orc:2 Donald


Innate Abilities, Weirdness & Mutations

You are resistant to damage.
You can heal yourself by infusing magical energy.
You passively map the area around you.
You do not regenerate.


Message History

You hit the orc knight. You burn the orc knight.
You hit the orc knight but do no damage.
The orc knight is moderately wounded.
You block the orc knight's attack.
You slash the orc knight! You burn the orc knight.
The orc knight is heavily wounded.
You slash the orc knight! You burn the orc knight.
The orc knight is heavily wounded.
You block the orc knight's attack.
Your shield prevents you from hitting the orc knight.
The orc knight is heavily wounded.
The orc knight hits you with a +2 great mace!
You slice the orc knight!! You burn the orc knight!
The orc knight is almost dead.
You barely miss the orc knight.
The orc knight is almost dead.
You feel like a meek peon again. You block the orc knight's attack.
You hit the orc knight. You burn the orc knight.
The orc knight is almost dead.
The orc knight hits you with a +2 great mace.
You are too injured to fight recklessly!
You are too injured to fight recklessly!
You are too injured to fight recklessly!
You slash the orc knight! You burn the orc knight.
You kill the orc knight!
Okawaru accepts your kill.
Your Shields skill increases to level 4!
You feel much better.
Things that are here:
a +2 great mace; a +0 chain mail
There is a stone staircase leading down, spattered with blood here.
You gain the combat prowess of a mighty hero.
You climb downwards.
Level annotation: Donald Donald gestures wildly while chanting.
Donald seems to speed up.
The orc knight closely misses you. Donald barely misses you.
There is a stone staircase leading up, spattered with blood here.
Press: ? - help, v - describe, . - travel
Here: Donald, wielding a +0 broad axe of venom, wearing a +1 chain mail of poison resistance and wearing a +0 kite shield (fast)
The floor.
Unknown command.
You aren't carrying any items that you can evoke.
Really quaff
d - a potion of might {@q3 !q}?
You feel very mighty all of a sudden. You block the orc knight's attack.
You block Donald's attack. Donald blocks your attack.
You hit the orc knight. You burn the orc knight. You block Donald's attack.
Donald blocks your attack.
You hit the orc knight but do no damage.
You block the orc knight's attack.
You barely miss Donald. You slash the orc knight! You burn the orc knight.
You block Donald's attack. You block the orc knight's attack.
You hit Donald but do no damage. You closely miss the orc knight.
Donald hits you but does no damage.
You are poisoned.
Donald blocks your attack.
You slash the orc knight! You burn the orc knight.
Donald gestures wildly while chanting.
Donald seems to grow stronger.
You block the orc knight's attack.
You slice Donald!! You burn Donald.
Donald is moderately wounded.
You hit the orc knight. You burn the orc knight. Donald closely misses you.
The orc knight hits you with a cursed +0 glaive!
You slash the orc knight! You burn the orc knight.
The orc knight is almost dead.
Donald blocks your attack. You block Donald's attack.
You closely miss the orc knight.
The orc knight is almost dead.
You barely miss Donald. You block Donald's attack.
The orc knight hits you but does no damage.
You closely miss the orc knight.
The orc knight is almost dead.
You closely miss Donald.
Donald hits you with a +0 broad axe of venom!!
You are more poisoned.
You are too injured to fight recklessly!
You are too injured to fight recklessly!
Your magical essence is drained by the effort!
You feel much better.
You feel very sick.
Donald hits you with a +0 broad axe of venom!!
You are lethally poisoned!
You block the orc knight's attack.
Really quaff
i - 3 potions of curing {@q1 !q}?
You feel better. You block Donald's attack.
The orc knight hits you but does no damage.
You hit Donald but do no damage.
Donald is moderately wounded.
You barely miss the orc knight.
You feel like a meek peon again.
Donald hits you with a +0 broad axe of venom!
You hit the orc knight. You burn the orc knight.
The orc knight is almost dead.
Donald blocks your attack.
Donald hits you with a +0 broad axe of venom!
You are poisoned.
The orc knight hits you with a cursed +0 glaive.
Donald hits you with a +0 broad axe of venom!!!
You die...

,
......P........
#........∩.....
##............PP
#..............P
,
#........P8.P.P.
, ,
##.#.......P.P..
,,
#......@o.......
, , ,
##.....@........
,
#....$..........
,
##..............
,
*#.......$......
,
#...............
,
##.......#......
##.............
.#............ *
*..............
,


You could see Donald (fast, strong) and an orc knight.

Vanquished Creatures
  An orc warlord (Orc:1)
  An orc knight (Orc:1)
  An orc sorcerer (Orc:1)
  A troll (Orc:1)
  A sky beast (D:5)
  7 orc warriors
  2 ogres
  A big kobold (D:9)
  2 bullfrogs
  A centaur zombie (D:5)
  A bullfrog zombie (D:6)
  A hound (D:5)
  3 orc priests
  An orc wizard (Orc:1)
  3 iguanas
  3 worker ants
  4 adders
  A shadow imp (D:6)
  2 white imps (D:5)
  An ufetubus (D:9)
  An adder skeleton (D:6)
  A worm (D:5)
  4 leopard geckos
  11 orcs
  A ball python (D:2)
  A giant cockroach (D:6)
  4 kobolds
  3 frilled lizards
  A plant (D:5)
65 creatures vanquished.

Notes
Turn   | Place    | Note
-------+----------+-------------------------------------------
     0 | D:1      | EnegeticOcto the Deep Dwarf Fighter began the quest for the
                  | Orb.
     0 | D:1      | Reached XP level 1. HP: 20/20 MP: 1/1
    76 | D:2      | Reached skill level 3 in Axes
    76 | D:2      | Reached XP level 2. HP: 22/27 MP: 2/2
   178 | D:4      | Got a masterwork hunting sling
   179 | D:4      | Identified the +5 hunting sling of Valiance {vorpal, Str-3
                  | Int+6 SInv Stlth+} (You found it on level 4 of the Dungeon)
   186 | D:5      | Entered Level 5 of the Dungeon
   216 | D:5      | Reached skill level 4 in Axes
   216 | D:5      | Reached XP level 3. HP: 24/33 MP: 3/3
   259 | D:5      | Reached skill level 5 in Axes
   259 | D:5      | Reached XP level 4. HP: 36/40 MP: 4/4
   265 | D:5      | Reached XP level 5. HP: 34/46 MP: 5/5
   274 | D:5      | Reached skill level 6 in Axes
   341 | D:5      | Noticed a sky beast
   357 | D:5      | Found a glowing golden altar of the Shining One.
   357 | D:5      | Found a bloodstained altar of Trog.
   357 | D:5      | Found an iron altar of Okawaru.
   363 | D:5      | Became a worshipper of Warmaster Okawaru
   389 | D:5      | Killed a sky beast
   389 | D:5      | Reached skill level 7 in Axes
   389 | D:5      | Reached XP level 6. HP: 33/55 MP: 6/6
   511 | D:6      | Reached skill level 1 in Invocations
   511 | D:6      | Reached skill level 8 in Axes
   525 | D:6      | Got a heavily runed granite ring
   532 | D:6      | Identified the ring of the Aged Realms {+Blink rPois MR-
                  | Dex+2 SInv} (You found it on level 6 of the Dungeon)
   549 | D:7      | Your magical essence is drained by the effort!
   687 | D:8      | Noticed an orc warrior
   692 | D:8      | Reached * piety under Okawaru
   707 | D:8      | Killed an orc warrior
   707 | D:8      | Reached skill level 2 in Invocations
   707 | D:8      | Reached XP level 7. HP: 61/61 MP: 4/7
   816 | D:9      | Found Rautsicu's Assorted Antiques.
   831 | D:9      | Bought 2 scrolls labeled LACHUR JENEIRRU for 56 gold pieces
   831 | D:9      | Bought a scroll labeled OPUSTR YHENAFRU for 28 gold pieces
   831 | D:9      | Bought a scroll labeled KEYSALOERY for 28 gold pieces
   833 | D:9      | Your magical essence is drained by the effort!
   842 | D:9      | Reached skill level 3 in Invocations
   870 | D:9      | Reached skill level 9 in Axes
   882 | D:9      | Found an ornate altar of the Wu Jian Council.
   914 | D:9      | Found a snail-covered altar of Cheibriados.
   955 | D:8      | Found a glowing golden altar of the Shining One.
  1014 | D:9      | Found a staircase to the Orcish Mines.
  1025 | Orc:1    | Entered Level 1 of the Orcish Mines
  1049 | Orc:1    | Reached skill level 4 in Invocations
  1065 | Orc:1    | Reached XP level 8. HP: 53/68 MP: 9/9
  1068 | Orc:1    | Reached ** piety under Okawaru
  1074 | Orc:1    | Reached skill level 10 in Axes
  1074 | Orc:1    | Reached skill level 5 in Invocations
  1127 | Orc:2    | Entered Level 2 of the Orcish Mines
  1127 | Orc:2    | Found Acketaq's General Store.
  1127 | Orc:2    | Noticed an orc warlord
  1127 | Orc:2    | Noticed an orc knight
  1127 | Orc:2    | Noticed an orc sorcerer
  1127 | Orc:2    | Noticed a troll
  1127 | Orc:2    | Noticed an orc knight
  1130 | Orc:2    | Noticed a smoke demon
  1132 | Orc:2    | Noticed a sun demon
  1135 | Orc:2    | Noticed Donald
  1140 | Orc:1    | Your magical essence is drained by the effort!
  1194 | Orc:1    | Your magical essence is drained by the effort!
  1201 | Orc:1    | Your magical essence is drained by the effort!
  1224 | Orc:1    | Killed an orc warlord
  1224 | Orc:1    | Reached *** piety under Okawaru
  1224 | Orc:1    | Reached skill level 12 in Axes
  1224 | Orc:1    | Reached skill level 6 in Invocations
  1224 | Orc:1    | Gained mutation: You passively map the area around you.
                  | [Deep Dwarf growth]
  1224 | Orc:1    | Reached XP level 9. HP: 45/74 MP: 8/8
  1225 | Orc:1    | Your magical essence is drained by the effort!
  1228 | Orc:1    | Killed a troll
  1231 | Orc:1    | Reached skill level 13 in Axes
  1281 | Orc:1    | Killed an orc sorcerer
  1281 | Orc:1    | Reached **** piety under Okawaru
  1281 | Orc:1    | Reached skill level 3 in Fighting
  1289 | Orc:1    | Killed an orc knight
  1289 | Orc:1    | Reached skill level 4 in Shields
  1306 | Orc:2    | Your magical essence is drained by the effort!
  1309 | Orc:2    | Mangled by Donald

Illustrated notes

Levels and vault maps discovered:
D:1:      co_arrival_square_in_a_square_in_a_square, layout_basic
D:2:      layout_loops_cross, grunt_dithmenos_smoke_and_mirrors
D:3:      layout_basic, old_standard_altar, minmay_joined_circles
D:4:      kennysheep_big_flooded_room, layout_basic,
          minmay_temple_entry_overgrown, serial_park_tiny_pond,
          uniq_blork_the_orc
D:5:      layout_loops_ring, dancing_weapons_uskayaw,
          gammafunk_temple_overflow_forgotten
D:6:      layout_layer_cave
D:7:      layout_cave_pools, lemuel_round_altar
D:8:      layout_loops_ring, basic_altar, nicolae_ru_path_of_blood
D:9:      layout_cave_pools, kennysheep_little_box,
          nicolae_overflow_crystal_walls, orc_0_dummy, serial_shops, shop
Orc:1:    layout_caves, basic_altar
Orc:2:    grunt_orc_gardens, layout_caves, grunt_orc_garden, grunt_orc_garden,
          grunt_orc_garden, grunt_orc_garden, basic_altar, abandoned_shop,
          uniq_donald, uniq_urug

Skill      XL: |  1  2  3  4  5  6  7  8  9 |
---------------+----------------------------+-----
Axes           | 3 4 5 7 8 9 12 13 | 13.6
Invocations    | 2 4 6 |  6.8
Fighting       | 3 |  3.5
Shields        | 4 |  4.2
Armour         | |  3.2

Action                   |  1- 3 |  4- 6 |  7- 9 || total
-------------------------+-------+-------+-------++-------
Melee: War axe           |    32 |   108 |   180 ||   320
Throw: Boomerang         |       |       |     2 ||     2
Invok: Heroism           |       |     1 |     4 ||     5
 Abil: Heal Wounds       |     3 |     8 |    25 ||    36
  Use: Scroll            |       |     4 |     5 ||     9
       Potion            |       |       |     4 ||     4
Armor: Scale mail        |    26 |    45 |       ||    71
       Chain mail        |       |       |    46 ||    46
       Plate armour      |       |       |    13 ||    13
Dodge: Dodged            |    12 |    38 |    32 ||    82
Block: Kite shield       |    29 |    55 |    62 ||   146
       Tower shield      |       |       |    22 ||    22

Table legend: (Time is in decaauts)
 A = Elapsed time spent in this place.
 B = Non-inter-level travel time spent in this place.
 C = Inter-level travel time spent in this place.
 D = Time resting spent in this place.
 E = Time spent auto-exploring this place.
 F = Levels seen in this place.
 G = Mean time per level.
                   A        B        C        D        E       F      G
               +--------+--------+--------+--------+--------+-----+--------+
         Total |   1321 |   1313 |      8 |      0 |      0 |  11 |  120.1 |
       Dungeon |   1067 |   1059 |      8 |      0 |      0 |   9 |  118.6 |
  Orcish Mines |    254 |    254 |      0 |      0 |      0 |   2 |  127.0 |
               +--------+--------+--------+--------+--------+-----+--------+

Top non-repeatable levels by time:
     D:5: 259 daAuts
     D:8: 258 daAuts
   Orc:1: 229 daAuts
     D:9: 211 daAuts
     D:6: 121 daAuts
     D:4: 68 daAuts
     D:1: 66 daAuts
     D:2: 39 daAuts
   Orc:2: 24 daAuts
     D:7: 23 daAuts
     D:3: 18 daAuts
